 Dungeon Crawl Stone Soup version 0.27.1-34-g3ba077fa99 (webtiles) character file.

Game seed: 5159227557728784204

1808 ticklebelly the Fighter (level 8, -1/78 HPs)
             Began as a Minotaur Berserker on Jan 7, 2022.
             Was a Priest of Trog.
             Slain by a centaur (2 damage)
             ... on level 7 of the Dungeon.
             The game lasted 00:10:05 (6694 turns).

ticklebelly the Fighter (Minotaur Berserker)        Turns: 6694, Time: 00:10:06

Health: -1/78      AC:  8    Str: 23    XL:     8   Next: 84%
Magic:  7/7        EV: 12    Int:  4    God:    Trog [***...]
Gold:   177        SH:  0    Dex: 11    Spells: 7/7 levels left

rFire    . . .     SeeInvis .   t - +0 war axe
rCold    . . .     Faith    .   (no shield)
rNeg     . . .     Spirit   .   g - +0 leather armour
rPois    .         Reflect  .   (helmet restricted)
rElec    .         Harm     .   (no cloak)
rCorr    .         Rampage  .   s - +2 pair of gloves {Stlth+}
Will     +....                  k - +0 pair of boots
Stlth    ++........             (no amulet)
HPRegen  0.23/turn              q - ring of willpower
MPRegen  0.10/turn              (no ring)

@: on berserk cooldown, slowed, very slow
A: horns 2, retaliatory headbutt
a: Renounce Religion, Berserk, Trog's Hand


You were on level 7 of the Dungeon.
You worshipped Trog.
Trog was most pleased with you.
You visited 1 branch of the dungeon, and saw 7 of its levels.

You collected 327 gold pieces.
You spent 150 gold pieces at shops.

Inventory:

Hand Weapons
 d - a +0 battleaxe
 t - a +0 war axe (weapon)
Armour
 g - a +0 leather armour (worn)
 k - a +0 pair of boots (worn)
 s - a +2 pair of gloves of stealth (worn)
Jewellery
 q - a ring of willpower (left hand)
Wands
 a - a wand of paralysis (12)
Scrolls
 b - 3 scrolls of enchant armour {unknown}
 e - 3 scrolls of blinking {unknown}
 f - 2 scrolls of enchant weapon {unknown}
 h - 2 scrolls of amnesia {unknown}
 i - 2 scrolls of identify {unknown}
 j - a scroll of noise {unknown}
 p - a scroll of vulnerability {unknown}
 r - 2 scrolls of teleportation {unknown}
Potions
 c - a potion of curing {unknown}
 l - 2 potions of magic {unknown}
 m - 2 potions of flight {unknown}
 n - a potion of mutation {unknown}
 o - 2 potions of haste {unknown}


   Skills:
 + Level 9.6 Fighting
 + Level 9.5 Axes
 - Level 5.4 Armour
 - Level 3.1 Dodging


You had 7 spell levels left.
You didn't know any spells.
Your spell library was empty.

Dungeon Overview and Level Annotations

Branches:
Dungeon (7/15)             Temple (0/1) D:5

Altars:
Elyvilon
Makhleb
Nemelex Xobeh
Okawaru
Qazlal
Ru
Sif Muna
Uskayaw
Wu Jian
Xom
Yredelemnul

Shops:
D:3 [


Innate Abilities, Weirdness & Mutations

You have a pair of horns on your head.
You reflexively headbutt those who attack you in melee.


Message History

The centaur shoots an arrow.
The arrow closely misses you.
The centaur shoots an arrow.
The arrow hits you.
The centaur shoots an arrow.
The arrow hits you.
The centaur shoots an arrow.
The arrow misses you.
You hear a shout!
The centaur shoots an arrow.
The arrow barely misses you.
The centaur shoots an arrow.
The arrow hits you.
* * * LOW HITPOINT WARNING * * *
The centaur shoots an arrow.
The arrow hits you but does no damage.
The kobold shouts!
The centaur unwields a +0 shortbow.
The centaur wields a +0 dagger.
The centaur hits you with a +0 dagger!
* * * LOW HITPOINT WARNING * * *
The centaur closely misses you.
The centaur hits you but does no damage.
The centaur closely misses you.
You hit the centaur.
The centaur is lightly wounded.
The centaur hits you with a +0 dagger.
* * * LOW HITPOINT WARNING * * *
The centaur kicks you but does no damage.
The centaur hits you but does no damage.
The centaur kicks you but does no damage.
The centaur hits you with a +0 dagger.
* * * LOW HITPOINT WARNING * * *
The centaur barely misses you.
You closely miss the centaur.
The centaur is lightly wounded.
The centaur hits you with a +0 dagger.
* * * LOW HITPOINT WARNING * * *
The centaur kicks you but does no damage.
The centaur barely misses you. The centaur closely misses you.
You slash the centaur!
The centaur is heavily wounded.
You slash the kobold!
You kill the kobold!
Trog accepts your kill.
The centaur hits you but does no damage.
The centaur kicks you.
You die...

..........####
......))#..####.
.............
(.....)..)...... ............
########[######. ..........#
###.# ##.......## #...#
#........#### #####.#####
####.........######.........#
...'.####.##....c)..####....#
##.### #.......@#####
#....###. #.#
#.##^..#.....###........ #.#
#+###.........†.....#### ..#
##.#####.###....# #+# #...#
#.# #....# ###.###.###....#
#......####### #####..# ####


You could see a centaur.

Vanquished Creatures
  Pikel (D:7)
  A sky beast (D:5)
  A black bear (D:5)
  An ice beast (D:6)
  2 ogres
  A kobold brigand (D:7)
  A bullfrog (D:7)
  A scorpion (D:6)
  5 wights (D:7)
  3 hounds
  An orc priest (D:5)
  5 iguanas
  4 orc wizards
  A howler monkey skeleton (D:6)
  3 adders
  An ufetubus (D:5)
  3 worms
  5 dart slugs
  13 orcs
  5 bats
  6 endoplasms
  11 giant cockroaches
  5 goblins
  6 hobgoblins
  8 jackals
  9 kobolds
  3 quokkas
  3 ball pythons
  3 frilled lizards
  4 rats
116 creatures vanquished.

Vanquished Creatures (others)
  53 plants
53 creatures vanquished.

Grand Total: 169 creatures vanquished

Notes
Turn   | Place    | Note
-------+----------+-------------------------------------------
     0 | D:1      | ticklebelly the Minotaur Berserker began the quest for the
                  | Orb.
     0 | D:1      | Reached XP level 1. HP: 19/19 MP: 0/0
   296 | D:1      | Reached XP level 2. HP: 20/27 MP: 1/1
   610 | D:1      | Found a faded altar of an unknown god.
   868 | D:2      | Reached XP level 3. HP: 30/34 MP: 2/2
   917 | D:2      | Reached ** piety under Trog
  1625 | D:3      | Reached skill level 5 in Fighting
  1625 | D:3      | Reached skill level 5 in Axes
  1625 | D:3      | Reached XP level 4. HP: 26/42 MP: 3/3
  1816 | D:3      | Found a shimmering altar of Xom.
  1930 | D:3      | Found Cocuupe's Antique Armour Shoppe.
  1974 | D:3      | You fall into a shaft and drop 1 floor!
  2081 | D:4      | Found a white marble altar of Elyvilon.
  2081 | D:4      | Found a stormy altar of Qazlal.
  2230 | D:4      | Noticed an ogre
  2232 | D:4      | Reached XP level 5. HP: 44/48 MP: 4/4
  2240 | D:4      | Killed an ogre
  2856 | D:4      | Found a shimmering blue altar of Sif Muna.
  3069 | D:4      | Found a burning altar of Makhleb.
  3679 | D:3      | Reached XP level 6. HP: 57/57 MP: 5/5
  3698 | D:3      | Found a sacrificial altar of Ru.
  3834 | D:3      | Found a basalt altar of Yredelemnul.
  4118 | D:5      | Entered Level 5 of the Dungeon
  4241 | D:3      | Bought a pair of glowing gloves for 150 gold pieces
  4568 | D:5      | Found a hide-covered altar of Uskayaw.
  4580 | D:5      | Found a staircase to the Ecumenical Temple.
  4660 | D:5      | Reached XP level 7. HP: 35/64 MP: 6/6
  4887 | D:5      | Found a sparkling altar of Nemelex Xobeh.
  4890 | D:5      | Found an ornate altar of the Wu Jian Council.
  4991 | D:5      | Reached skill level 5 in Armour
  5287 | D:5      | Reached *** piety under Trog
  6050 | D:6      | Reached XP level 8. HP: 47/74 MP: 7/7
  6501 | D:7      | Found an iron altar of Okawaru.
  6638 | D:7      | Noticed Pikel
  6654 | D:7      | Killed Pikel
  6693 | D:7      | HP: 1/78 [centaur (6)]
  6694 | D:7      | Slain by a centaur

Illustrated notes

Levels and vault maps discovered:
D:1:      lightli_arrival_noodles, layout_rooms, chequers_ecumenical_altar_lobes
D:2:      minmay_roachtagon, layout_loops_ring, serial_bayou_pond_d,
          minivault_19, minmay_misc_feat_enclosed
D:3:      layout_loops_ring, mainiacjoe_overflow_surrounded_room,
          mainiacjoe_overflow_chevrons, mainiacjoe_overflow_24_doors,
          serial_shops, nicolae_shop_stone, minmay_misc_feat_columns,
          serial_bayou_pond_c, minivault_25
D:4:      layout_layer_cave, lemuel_round_altar, led_sif_book,
          gammafunk_temple_overflow_statue
D:5:      layout_gridville, kennysheep_mini, mainiacjoe_overflow_catwalk,
          pdpol_wu_jian_five_deadly_venoms, minmay_temple_entry_statues_pillars
D:6:      layout_basic
D:7:      kennysheep_kobold_camp, layout_rooms,
          nicolae_hepliaklqana_monster_ancestors,
          mainiacjoe_overflow_six_doors_small, okawaru_metal_pillars_3,
          minmay_misc_feat_encased, uniq_pikel

Skill      XL: |  1  2  3  4  5  6  7  8 |
---------------+-------------------------+-----
Fighting       | 4 5 6 7 9 |  9.6
Axes           | 4 5 6 7 9 |  9.5
Armour         | 3 4 5 |  5.4
Dodging        | 3 |  3.1

Action                   |  1- 3 |  4- 6 |  7- 9 || total
-------------------------+-------+-------+-------++-------
Melee: Hand axe          |    91 |    95 |    34 ||   220
       Headbutt          |    12 |    16 |    15 ||    43
       War axe           |       |       |    71 ||    71
Invok: Berserk           |       |       |     2 ||     2
       Trog's Hand       |       |       |     2 ||     2
 Stab: Sleeping          |       |     1 |     1 ||     2
Armor: Animal skin       |     7 |       |       ||     7
       Leather armour    |    27 |    25 |    30 ||    82
Dodge: Dodged            |    58 |    58 |    55 ||   171
